 Dungeon Crawl Stone Soup version 0.24.0-125-gc4c63601f3 (webtiles) character file.

Game seed: 2910926655694548318, levelgen mode: deterministic

15971 Kadisyan the Cleaver (level 12, -2/109 HPs)
             Began as a Deep Dwarf Fighter on Mar 17, 2020.
             Was a Believer of Makhleb.
             Slain by a thrashing horror (illusionary) (9 damage)
             ... on level 1 of the Abyss.
             The game lasted 00:52:02 (9532 turns).

Kadisyan the Cleaver (Deep Dwarf Fighter)           Turns: 9532, Time: 00:52:02

Health: -2/109     AC: 12    Str: 22    XL:     12   Next: 5%
Magic:  9/9 (0)    EV: 13    Int: 11    God:    Makhleb [**....]
Gold:   511        SH: 12    Dex: 13    Spells: 16/16 levels left

rFire    . . .     SeeInvis .   a - +0 war axe
rCold    . . .     Gourm    .   c - +0 shield
rNeg     . . .     Faith    .   b - +0 scale mail
rPois    .         Spirit   .   m - +0 helmet
rElec    .         Reflect  .   (no cloak)
rCorr    .         Harm     .   g - +0 pair of gloves
MR       +....                  k - +0 pair of boots
Stlth    ..........             (no amulet)
HPRegen  0.00/turn              (no ring)
MPRegen  0.11/turn              w - ring of magical power

@: non-regenerating
A: damage resistance, heal wounds, sense surroundings 2, no regeneration
a: Heal Wounds, Minor Destruction, Renounce Religion


You were on level 1 of the Abyss.
You worshipped Makhleb.
Makhleb was pleased with you.
You were not hungry.

You visited 2 branches of the dungeon, and saw 12 of its levels.
You visited the Abyss 1 time.

You collected 735 gold pieces.
You spent 224 gold pieces at shops.

Inventory:

Hand Weapons
 a - a +0 war axe (weapon)
Armour
 b - a +0 scale mail (worn)
 c - a +0 shield (worn)
 g - a +0 pair of gloves (worn)
 k - a +0 pair of boots (worn)
 m - a +0 helmet (worn)
Jewellery
 w - a ring of magical power (right hand)
 I - an uncursed ring of protection from fire
Wands
 y - a wand of polymorph (8)
Scrolls
 e - 6 scrolls of teleportation
 h - 3 scrolls of amnesia
 j - 3 scrolls of blinking
 l - 4 scrolls of remove curse
 r - 2 scrolls of immolation {unknown}
 s - 2 scrolls of noise
 v - 3 scrolls of enchant weapon
 A - a scroll of torment {unknown}
 B - 2 scrolls of enchant armour
 C - a scroll of fear
 E - a scroll of identify
 F - 2 scrolls of magic mapping
 J - a scroll of fog
Potions
 d - 3 potions of might
 i - 6 potions of haste
 n - 7 potions of invisibility
 o - a potion of degeneration {unknown}
 p - 2 potions of lignification
 q - 2 potions of magic {unknown}
 t - a potion of brilliance {unknown}
 u - 2 potions of agility {unknown}
 x - a potion of curing
 z - a potion of flight {unknown}
 D - 2 potions of heal wounds {unknown}
 H - 2 potions of mutation {unknown}
Comestibles
 f - 28 rations


   Skills:
 * Level 7.4 Fighting
 * Level 11.0 Axes
 + Level 3.3 Throwing
 * Level 8.8 Armour
 * Level 7.8 Dodging
 - Level 0.9 Stealth
 * Level 9.4 Shields
 + Level 3.0 Unarmed Combat
 + Level 2.7 Spellcasting
 * Level 4.6 Invocations
 * Level 8.3 Evocations


You had 16 spell levels left.
You didn't know any spells.
Your spell library contained the following spells:

 Spells                   Type           Power        Failure   Level  Hunger
 Summon Small Mammal      Summ           #...         77%         1    #......
 Call Imp                 Summ           #.......     88%         2    ###....
 Call Canine Familiar     Summ           #.......     98%         3    ###....
 Summon Guardian Golem    Hex/Summ       #.......     98%         3    ###....
 Summon Ice Beast         Ice/Summ       #.......     100%        4    #####..
 Summon Lightning Spire   Summ/Air       #.......     100%        4    #####..


Dungeon Overview and Level Annotations

Branches:
Dungeon (11/15)            Temple (1/1) D:4             Orc (0/2) D:9
   Lair: D:8-11

Altars:
Ashenzari
Cheibriados
Dithmenos
Elyvilon
Fedhas
Gozag
Hepliaklqana
Kikubaaqudgha
Makhleb
Nemelex Xobeh
Okawaru
Qazlal
Ru
Sif Muna
Trog
Uskayaw
Vehumet
Wu Jian
Xom
Yredelemnul
Zin
The Shining One
Beogh

Shops:
D:5 =   D:7 (?}(=   D:11 =

Annotations:
D:3 2 runed translucent doors, Tartanist's ghost, weakling OpWz
D:10 3 runed translucent doors, Ulophu's ghost, journeyman TrMo
D:11 Sonja


Innate Abilities, Weirdness & Mutations

You are resistant to damage.
You can heal yourself by infusing magical energy.
You passively map the area around you.
You do not regenerate.


Message History

You hold your ground!
The ynoxinul gestures.
You slice the thrashing horror!!
The thrashing horror is moderately damaged.
You block the thrashing horror's attack.
The thrashing horror tramples you but does no damage.
The ynoxinul gestures.
You hit the thrashing horror but do no damage.
The thrashing horror is moderately damaged.
The thrashing horror misses you. The thrashing horror barely misses you.
Press: ? - help, Shift-Dir - straight line, f - thrashing horror, p - thrashing horror
Aim: a thrashing horror (moderately damaged)
The thrashing horror is unaffected.
The thrashing horror roars!
You block the thrashing horror's attack.
The thrashing horror tramples you but does no damage.
The iron imp spits at you.
The thrashing horror roars!
The thrashing horror tramples you!
You die...

.# ...#. # .#
.... .#.#
...#
.#...#...##
...#..#...
#...#..
##...### .
#.X#...# .#
###@#.......
##.#X###R.#..
#.#554 .### #
#....3.. .#
..#...5#.#.#
. ...#5###.##
.# #. ###....
... #
###..#... #
.# #.
.##...#. . ..


You could see 2 thrashing horrors, a ynoxinul, a chaos spawn, an iron imp and 3
ufetubi.

Vanquished Creatures
  4 two-headed ogres
  Pikel (D:4)
  A gargoyle (D:8)
  2 trolls
  A hornet (D:8)
  A hippogriff (D:7)
  Sigmund (D:4)
  5 yaks (D:8)
  Grum (D:8)
  A hungry ghost (D:6)
  A soldier ant (D:8)
  A water moccasin (D:7)
  3 orc warriors
  4 sky beasts
  2 ice beasts (D:9)
  2 black bears
  A phantom (D:5)
  A slave (D:4)
  3 wolves (D:8)
  2 centaurs (D:9)
  A large abomination (Abyss:1)
  4 ogres
  A big kobold (D:4)
  8 bullfrogs
  A wyvern zombie (D:10)
  2 scorpions
  A wyvern skeleton (D:9)
  2 wights (D:8)
  5 howler monkeys
  2 crimson imps
  3 bullfrog zombies
  7 jellies
  A bullfrog skeleton (D:7)
  2 orc priests (D:9)
  4 hounds
  Crazy Yiuf (D:6)
  A centaur skeleton (D:9)
  12 orc wizards
  3 iguanas
  Natasha (thrice) (D:3)
  9 worker ants
  A hound skeleton (D:6)
  Robin (D:4)
  11 adders
  10 gnolls
  A shadow imp (D:7)
  2 oozes
  2 adder skeletons
  4 worms
  A dart slug (D:1)
  4 leopard geckos
  22 orcs
  4 bats
  6 giant cockroaches
  2 gnoll zombies (D:2)
  20 goblins
  6 hobgoblins
  3 jackals (D:9)
  4 quokkas
  2 ball pythons
  3 frilled lizards
  24 kobolds
  7 rats
  A plant (D:4)
252 creatures vanquished.

Vanquished Creatures (collateral kills)
  A wight (D:8)
  An orc priest (D:9)
  An orc wizard (D:8)
  2 orcs (D:8)
5 creatures vanquished.

Vanquished Creatures (others)
  An orc warrior (D:9)
  2 wights (D:8)
  8 starspawn tentacles (Abyss:1)
11 creatures vanquished.

Grand Total: 268 creatures vanquished

Notes
Turn   | Place    | Note
-------+----------+-------------------------------------------
     0 | D:1      | Kadisyan the Deep Dwarf Fighter began the quest for the
                  | Orb.
     0 | D:1      | Reached XP level 1. HP: 20/20 MP: 1/1
    64 | D:1      | Reached XP level 2. HP: 24/27 MP: 2/2
   737 | D:2      | Reached XP level 3. HP: 20/34 MP: 3/3
   935 | D:2      | Reached skill level 3 in Axes
   948 | D:2      | Reached XP level 4. HP: 8/42 MP: 4/4
  1009 | D:2      | Found a shattered altar of Ashenzari.
  1078 | D:2      | Found a basalt altar of Yredelemnul.
  1298 | D:2      | Found a shimmering altar of Xom.
  1301 | D:2      | Found a hazy altar of Hepliaklqana.
  1302 | D:2      | Noticed a spectral ugly thing
  1562 | D:3      | Reached skill level 4 in Axes
  1651 | D:3      | Found a runed translucent door.
  1663 | D:3      | Reached XP level 5. HP: 29/49 MP: 5/5
  1681 | D:3      | Noticed Natasha
  1690 | D:3      | Killed Natasha
  1690 | D:3      | Reached skill level 1 in Dodging
  1701 | D:3      | Found a runed translucent door.
  1706 | D:3      | Noticed Tartanist's ghost (weakling OpWz)
  2022 | D:3      | Noticed Natasha
  2031 | D:3      | Killed Natasha
  2109 | D:3      | Noticed Natasha
  2200 | D:3      | Killed Natasha
  2289 | D:4      | Noticed Sigmund
  2291 | D:4      | Noticed Robin
  2299 | D:4      | Reached XP level 6. HP: 27/56 MP: 6/6
  2360 | D:4      | Reached skill level 5 in Axes
  2360 | D:4      | Reached skill level 1 in Evocations
  2451 | D:4      | Reached skill level 5 in Fighting
  2451 | D:4      | Reached skill level 7 in Axes
  2451 | D:4      | Reached skill level 5 in Dodging
  2451 | D:4      | Reached XP level 7. HP: 36/67 MP: 6/11
  2547 | D:4      | Found a staircase to the Ecumenical Temple.
  2554 | Temple   | Entered the Ecumenical Temple
  2945 | D:4      | Noticed Pikel
  2961 | D:4      | Killed Pikel
  2961 | D:4      | Reached XP level 8. HP: 36/75 MP: 12/12
  3073 | D:4      | Killed Robin
  3145 | D:4      | Killed Sigmund
  3295 | D:5      | Entered Level 5 of the Dungeon
  3363 | D:5      | Reached skill level 8 in Axes
  3435 | D:5      | Gained mutation: You passively map the area around you.
                  | [Deep Dwarf growth]
  3435 | D:5      | Reached XP level 9. HP: 64/82 MP: 10/10
  3436 | D:5      | Found a stormy altar of Qazlal.
  3740 | D:5      | Found a hide-covered altar of Uskayaw.
  4037 | D:5      | Found Cetir's Jewellery Boutique.
  4350 | D:6      | Found a shadowy altar of Dithmenos.
  4413 | D:6      | Found a bloodstained altar of Trog.
  4824 | D:6      | Found a runed translucent door.
  4825 | D:6      | Noticed Crazy Yiuf
  4945 | D:6      | Killed Crazy Yiuf
  5019 | D:7      | Found Vogiv's Gadget Shoppe.
  5244 | D:7      | Found a radiant altar of Vehumet.
  5250 | D:7      | Found Duamm's Magic Scroll Boutique.
  5288 | D:7      | Bought a scroll of identify for 30 gold pieces
  5288 | D:7      | Bought a scroll of identify for 30 gold pieces
  5288 | D:7      | Bought a scroll of enchant armour for 112 gold pieces
  5288 | D:7      | Bought a scroll of fear for 52 gold pieces
  5332 | D:7      | Reached skill level 9 in Axes
  5339 | D:7      | Found Leafeq's Weapon Shop.
  5412 | D:7      | Found Dege's Jewellery Boutique.
  5843 | D:7      | Found Icurif's Antique Weapon Shop.
  6279 | D:8      | Reached XP level 10. HP: 66/91 MP: 8/8
  6432 | D:8      | Noticed Grum
  6472 | D:8      | Killed Grum
  6512 | D:8      | Found an iron altar of Okawaru.
  6515 | D:8      | Found a sparkling altar of Nemelex Xobeh.
  6515 | D:8      | Found an ornate altar of the Wu Jian Council.
  6515 | D:8      | Noticed a gargoyle
  6517 | D:8      | Found a shimmering blue altar of Sif Muna.
  6518 | D:8      | Found a burning altar of Makhleb.
  6537 | D:8      | Killed a gargoyle
  6546 | D:8      | Became a worshipper of Makhleb the Destroyer
  6576 | D:8      | Reached skill level 10 in Axes
  6576 | D:8      | Reached XP level 11. HP: 33/100 MP: 9/9
  6998 | D:8      | Paralysed by a hornet for 3 turns
  7125 | D:9      | Found a staircase to the Orcish Mines.
  7576 | D:9      | Reached * piety under Makhleb
  7740 | D:9      | Found a bloodstained altar of Trog.
  7845 | D:9      | Noticed a two-headed ogre
  7850 | D:9      | Killed a two-headed ogre
  8197 | D:10     | Entered Level 10 of the Dungeon
  8218 | D:10     | Noticed a two-headed ogre
  8218 | D:10     | Noticed a two-headed ogre
  8232 | D:10     | HP: 2/100 [two-headed ogre/+0 giant club (11)]
  8238 | D:10     | Killed a two-headed ogre
  8239 | D:10     | HP: 4/100 [two-headed ogre/+0 giant spiked club (15)]
  8257 | D:10     | Killed a two-headed ogre
  8432 | D:10     | Found a runed translucent gate.
  8432 | D:10     | Noticed Ulophu's ghost (journeyman TrMo)
  8433 | D:10     | Found a runed translucent gate.
  8433 | D:10     | Identified the +1 morningstar "Besuupsu" {flame, rPois MR-
                  | Int+3}
  8433 | D:10     | Identified the cursed +0 chain mail of Poor Excuses {rElec
                  | rC+ Dex+2}
  8434 | D:10     | Found a runed translucent gate.
  8446 | D:10     | Reached ** piety under Makhleb
  8660 | D:10     | Noticed a two-headed ogre
  8677 | D:10     | Killed a two-headed ogre
  8677 | D:10     | Reached XP level 12. HP: 39/109 MP: 2/2
  9154 | D:10     | Found a roughly hewn altar of Beogh.
  9241 | D:11     | Found Taqe Wuu's Jewellery Boutique.
  9279 | D:11     | Reached skill level 11 in Axes
  9299 | D:11     | Noticed Sonja
  9328 | D:11     | Cast into level 1 of the Abyss (Sonja)
  9328 | Abyss:1  | Found a corrupted altar of Lugonu.
  9451 | Abyss:1  | Noticed a rakshasa
  9474 | Abyss:1  | Noticed a tentacled starspawn
  9532 | Abyss:1  | Slain by a thrashing horror (illusionary)

Levels and vault maps discovered:
D:1:      lightli_arrival_maybe_door_vault, layout_loops_ring,
          chequers_serial_rivers_micro_d
D:2:      layout_loops_ring, regret_index_temple_of_mockery,
          lemuel_zombie_altar_yredelemnul, nicolae_overflow_crystal_walls,
          minivault_4, minmay_tetromino_o2
D:3:      layout_rooms, ebering_ghost_sewer_f, serial_forest,
          infiniplex_forest_lined_2, infiniplex_forest_straight_4,
          infiniplex_forest_lined_room_3, infiniplex_forest_join,
          infiniplex_forest_lined_corner, uniq_natasha
D:4:      kennysheep_kobold_camp, layout_rooms, minmay_temple_entry_overgrown,
          hangedman_decor_slide_cut, minmay_misc_feat_secret_circle,
          kennysheep_generic_room_3, uniq_robin, uniq_sigmund, uniq_pikel
D:5:      layout_loops_ring, lemuel_doored_altar,
          nicolae_qazlal_general_emergency, serial_shops, shop, first_ration,
          kennysheep_potato
D:6:      layout_basic, grunt_dithmenos_smoke_and_mirrors, bloody_trog,
          uniq_crazy_yiuf_cottage
D:7:      layout_layer_cave, kennysheep_mini, serial_shops, shop, shop, shop,
          shop, nicolae_shop_trees
D:8:      layout_loops_cross, grunt_temple_overflow_open,
          hangedman_pestilent_swarm, uniq_grum
D:9:      layout_loops_corners, orc_0_dummy, trog_hazing_becter
D:10:     layout_grid_maze, biasface_ghost_orc_armoury
D:11:     layout_long_grid, david_lair_generic,
          gammafunk_ghost_wrathful_warriors, serial_shops, nicolae_shop_crystal,
          hangedman_abyss_or_decor_stagger, uniq_sonja
Temple:   dpeg_three_leaves_temple
Abyss:1:  base:
D:7

Skill      XL: |  1  2  3  4  5  6  7  8  9 10 11 12 |
---------------+-------------------------------------+-----
Fighting       | 3 5 6 7 |  7.4
Axes           | 3 4 7 8 9 10 11 | 11.0
Dodging        | 1 5 6 7 |  7.8
Shields        | 4 6 7 8 9 |  9.4
Armour         | 4 6 7 8 |  8.8
Evocations     | 6 8 |  8.3
Throwing       | 2 3 |  3.3
Unarmed Combat | 2 3 |  3.0
Spellcasting   | 2 |  2.7
Invocations    | 3 4 |  4.6
Stealth        | |  0.9

Action                   |  1- 3 |  4- 6 |  7- 9 | 10-12 || total
-------------------------+-------+-------+-------+-------++-------
Melee: War axe           |    88 |   155 |   453 |   400 ||  1096
Invok: Minor Destruction |       |       |       |    23 ||    23
 Abil: Heal Wounds       |       |     3 |    12 |    38 ||    53
Evoke: Wand              |       |     3 |     5 |    21 ||    29
  Use: Scroll            |     3 |     5 |     3 |     4 ||    15
       Potion            |       |     2 |     3 |     1 ||     6
  Eat: Chunk             |       |     5 |    17 |     9 ||    31
       Ration            |       |       |       |     1 ||     1
Armor: Scale mail        |    55 |    70 |    12 |   111 ||   248
       Ring mail         |       |       |   172 |    18 ||   190
Dodge: Dodged            |    29 |    70 |   217 |   217 ||   533
Block: Shield            |    51 |   105 |   281 |   270 ||   707
